AoeStats
← Santis3ns3i

Arena

504150246Analyzed
1v1 RM · 2mo ago on Sep 4, 2026· 38m 20s· 2 players
Game mode
Random Map
Map size
Tiny (2 player)
Population
200
Speed
Normal
Resources
Standard
Victory
Conquest
Starting age
Dark Age
Ending age
Imperial Age
RankedLock teamsTeams togetherTeam positionsShared explorationLock speedFull tech treeHidden civsTurbo modeCheats
Victory
Defeat
🇲🇽 Vietnamese · Mexico
355
+18
vs
🇲🇽 Aztecs · Mexico
398
-18
Santis3ns3i
1:30 Loom
14:22 Feudal Age
15:40 Wheelbarrow
14:51 Town Watch
17:33 Horse Collar
17:41 Double-Bit Axe
25:58 Castle Age
24:31 Padded Archer Armor
24:44 Fletching
26:22 Forging
30:58 Hand Cart
32:15 Gold Mining
34:31 Bodkin Arrow
CHILANGOJACH
0:33 Loom
11:23 Feudal Age
12:29 Horse Collar
14:04 Double-Bit Axe
17:42 Man-at-Arms
18:09 Arson
19:49 Town Watch
24:23 Forging
24:19 Scale Mail Armor
24:19 Padded Archer Armor
24:10 Fletching
27:13 Castle Age
27:09 Wheelbarrow
27:19 Long Swordsman
28:24 Eagle Warrior
28:58 Pikeman
32:21 Squires
33:18 Bow Saw
34:05 Heavy Plow
34:17 Gambesons
35:03 Gold Mining
37:07 Sanctity
37:27 Leather Archer Armor
Connection lost

Rejoining the realm…

Still unreachable

The connection could not be restored.

Session expired

The server has moved on; the page needs a fresh start.